 Dungeon Crawl Stone Soup version 0.29.1-15-g9cfb28693d (webtiles) character file.

Game seed: 15390795629353533499

91 Heoruswealwe the Magician (level 4, -1/21 HPs)
             Began as a Deep Elf Earth Elementalist on Apr 5, 2023.
             Was a Follower of Hepliaklqana.
             Slain by Grinder (2 damage)
             ... on level 4 of the Dungeon.
             The game lasted 00:08:16 (1180 turns).

Heoruswealwe the Magician (DEEE)                    Turns: 1180, Time: 00:08:18

Health: -1/21      AC:  2    Str:  5    XL:     4   Next: 33%
Magic:  8/12       EV: 12    Int: 22    God:    Hepliaklqana [*.....]
Gold:   156        SH:  0    Dex: 15    Spells: 9/12 levels left

rFire   . . .      SeeInvis .   j - +0 glaive
rCold   . . .      Faith    .   (shield currently unavailable)
rNeg    . . .      Spirit   .   e - +0 robe {Will+}
rPois   .          Reflect  .   (no helmet)
rElec   .          Harm     .   (no cloak)
rCorr   .          Rampage  .   (no gloves)
Will    +....                   (no boots)
Stlth   ++........              (no amulet)
HPRegen 0.07/turn               (no ring)
MPRegen 0.13/turn               (no ring)

@: no status effects
A: reduced essence
a: Renounce Religion, Recall Ancestor, Ancestor Identity


You were on level 4 of the Dungeon.
You worshipped Hepliaklqana.
Hepliaklqana was aware of your devotion.
You visited 1 branch of the dungeon, and saw 4 of its levels.

You collected 156 gold pieces.

Inventory:

Hand Weapons
 j - a +0 glaive (weapon)
Armour
 e - a +0 robe of willpower (worn)
Magical Staves
 h - a staff of cold
Scrolls
 c - 2 scrolls of amnesia
 d - 2 scrolls of brand weapon {unknown}
 f - a scroll of noise {unknown}
 g - 4 scrolls of teleportation
 k - 2 scrolls of blinking
Potions
 a - 4 potions of heal wounds {unknown}
 b - a potion of magic
 l - a potion of curing {unknown}


   Skills:
 - Level 2.4 Dodging
 - Level 2.4 Stealth
 + Level 4.9 Spellcasting
 - Level 1.1 Transmutations
 + Level 4.6 Earth Magic


You had 9 spell levels left.
You knew the following spells:

 Your Spells              Type           Power      Damage    Failure   Level
a - Sandblast             Erth           52%        2d12      1%          1
z - Passwall              Tmut/Erth      15%        N/A       4%          2

Your spell library contained the following spells:

 Spells                   Type           Power      Damage    Failure   Level
 Stone Arrow              Conj/Erth      30%        3d8       12%         3
 Ignite Poison            Fire/Tmut/Pois 7%         N/A       26%         3
 Conjure Flame            Conj/Fire      5%         6-21      30%         3
 Gell's Gravitas          Tloc           5%         N/A       30%         3
 Teleport Other           Tloc           5%         N/A       30%         3
 Petrify                  Tmut/Erth      18%        N/A       30%         4
 Sticky Flame             Conj/Fire      5%         2d3       71%         4
 Dispersal                Tloc           2%         N/A       100%        6


Dungeon Overview and Level Annotations

Branches:
Dungeon (4/15)
 Temple: D:4-7

Altars:
Elyvilon
Hepliaklqana

Annotations:
D:4 Grinder


Message History

g - 4 scrolls of teleportation (gained 1)
An iguana comes into view.
The iguana hisses angrily.
Found a scroll labelled HAL IKKEBROATI.
The blast of sand hits the iguana!
The iguana is severely wounded.
The blast of sand hits the iguana!
You kill the iguana!
You have reached level 4!
You feel clever.
Tertia remembers more of her old skill.
You now have 147 gold pieces (gained 10).
Found 9 gold pieces.
Found a stone staircase leading down.
f - a scroll labelled HAL IKKEBROATI You now have 156 gold pieces (gained 9).
Grinder comes into view.
Found a robe.
Grinder shouts!
Grinder moves out of view.
The blast of sand hits Grinder!
Grinder is moderately wounded.
Grinder closely misses you.
The blast of sand hits Grinder.
Grinder is moderately wounded.
Grinder completely misses you.
The blast of sand hits Grinder!
Grinder is heavily wounded.
Grinder hits you!
You writhe in agony.
Grinder hits you.
* * * LOW HITPOINT WARNING * * *
You writhe in agony.
* * * LOW HITPOINT WARNING * * *
Casting: Sandblast (safe; 1% risk of failure)
Confirm with . or Enter, or press ? or * to list all spells.
Aiming: Sandblast (safe; 1% risk of failure)
Press: ? - help, Shift-Dir - straight line, f/p - Grinder
Aim: Grinder (heavily wounded, 81% to hit)
The blast of sand hits Grinder!
Grinder is almost dead.
Grinder hits you.
You die...

... ...#### ... ....[. ...#
..... ....#. #... #... ......
#.. #...##......#. #..
#..5#....... #.# #..
####.@.......#..>.#
#.###.##.........#.....#
#..#...................#
#......................#
#<.....................## #
##.......................#
##.##........................#
............................#.
...##.............(...........


You could see Grinder.

Vanquished Creatures
  Natasha (D:2)
  An iguana (D:4)
  An adder (D:2)
  An ufetubus (D:4)
  A worm (D:2)
  A dart slug (D:1)
  An orc (D:3)
  An endoplasm (D:1)
  A goblin (D:1)
  A hobgoblin (D:3)
  3 kobolds (D:1)
  5 bats
  6 frilled lizards (D:1)
  A rat (D:1)
25 creatures vanquished.

Notes
Turn   | Place    | Note
-------+----------+-------------------------------------------
     0 | D:1      | Heoruswealwe the Deep Elf Earth Elementalist began the
                  | quest for the Orb.
     0 | D:1      | Reached XP level 1. HP: 10/10 MP: 6/6
   306 | D:1      | Reached XP level 2. HP: 15/15 MP: 4/8
   310 | D:1      | Learned a level 2 spell: Passwall
   715 | D:1      | You fall into a shaft and drop 1 floor!
   731 | D:2      | Found a white marble altar of Elyvilon.
   804 | D:2      | Noticed Natasha
   810 | D:2      | Killed Natasha
   811 | D:2      | Reached XP level 3. HP: 15/19 MP: 4/10
   813 | D:2      | Found a faded altar of an unknown god.
   825 | D:2      | Prayed at the altar of an unknown god.
   825 | D:2      | Became a worshipper of Hepliaklqana the Forgotten
   825 | D:2      | Reached * piety under Hepliaklqana
   924 | D:2      | You fall into a shaft and drop 1 floor!
  1118 | D:4      | Noticed a scorpion
  1143 | D:4      | Reached XP level 4. HP: 21/21 MP: 9/12
  1174 | D:4      | Noticed Grinder
  1179 | D:4      | HP: 1/21 [Grinder (5)]
  1180 | D:4      | Slain by Grinder

Illustrated notes

Levels and vault maps discovered:
D:1:      wander_arrival_estate, layout_loops_ring, minmay_misc_feat_columns,
          minmay_lizard_pond
D:2:      layout_basic, basic_altar, ebering_ecumenical_altar_box, uniq_natasha
D:3:      layout_basic
D:4:      layout_cave_pools, marbit_many_paths, kennysheep_generic_room_14,
          uniq_grinder

Skill      XL: |  1  2 |
---------------+-------+-----
Spellcasting   | 4 |  4.9
Earth Magic    | 4 |  4.6
Dodging        | |  2.4
Stealth        | |  2.4
Transmutations | |  1.1

Action                   |  1- 3 |  4- 6 || total
-------------------------+-------+-------++-------
 Cast: Sandblast         |    33 |     4 ||    37
       Passwall          |     1 |       ||     1
  Use: Scroll            |     7 |       ||     7
Armor: Robe              |     8 |       ||     8
Dodge: Dodged            |     9 |     2 ||    11
